 Dungeon Crawl Stone Soup version 0.24.1-8-ga250c9d538 (webtiles) character file.

Game seed: 11271659229786498554, levelgen mode: deterministic

115 Hugehornet the Changer (level 5, 0/33 HPs)
             Began as an Octopode Transmuter on May 9, 2020.
             Slain by a leopard gecko (5 damage)
             ... on level 3 of the Dungeon.
             The game lasted 00:03:24 (2318 turns).

Hugehornet the Changer (Octopode Transmuter)        Turns: 2318, Time: 00:03:25

Health: 0/33       AC:  1    Str:  9    XL:     5   Next: 0%
Magic:  3/8        EV: 13    Int: 17    God:
Gold:   86         SH:  0    Dex: 12    Spells: 3/9 levels left

rFire    . . .     SeeInvis .     - Unarmed
rCold    . . .     Gourm    .   (no shield)
rNeg     . . .     Faith    .   (helmet restricted)
rPois    .         Spirit   .   (no amulet)
rElec    .         Reflect  .   (no ring)
rCorr    .         Harm     .   (no ring)
MR       .....                  (no ring)
Stlth    ++........             (no ring)
HPRegen  0.11/turn              (no ring)
MPRegen  0.11/turn              (no ring)
                                (no ring)
                                (no ring)

@: no status effects
A: almost no armour, stealthy swim, amphibious, 8 rings, constrict 8, camouflage
1, gelatinous body 1
a: no special abilities


You were on level 3 of the Dungeon.
You were not hungry.

You visited 1 branch of the dungeon, and saw 3 of its levels.

You collected 86 gold pieces.

Inventory:

Missiles
 a - 12 arrows
Scrolls
 d - 3 scrolls of remove curse
 g - a scroll of enchant armour {unknown}
Potions
 e - a potion of curing
 h - a potion of lignification {unknown}
Comestibles
 c - 4 rations


   Skills:
 - Level 1.0 Fighting
 - Level 2.0 Dodging
 - Level 3.0 Unarmed Combat
 + Level 2.5 Spellcasting
 - Level 3.7 Transmutations
 * Level 2.9 Poison Magic


You had 3 spell levels left.
You knew the following spells:

 Your Spells              Type           Power        Failure   Level  Hunger
a - Beastly Appendage     Tmut           ##....       4%          1    #......
b - Sticks to Snakes      Tmut           ##......     6%          2    ##.....
c - Spider Form           Tmut/Pois      ##........   14%         3    ###....

Your spell library contained the following spells:

 Spells                   Type           Power        Failure   Level  Hunger
 Ice Form                 Ice/Tmut       #.......     63%         4    #####..
 Blade Hands              Tmut           ##........   73%         5    ######.


Dungeon Overview and Level Annotations

Branches:
Dungeon (3/15)

Altars:
Qazlal
Yredelemnul

Annotations:
D:3 Terence


Innate Abilities, Weirdness & Mutations

You cannot wear most types of armour.
You are very stealthy in the water. (Stealth+)
You are amphibious.
You can wear up to eight rings at the same time.
You can use your tentacles to constrict eight enemies at once.
Your skin changes colour to match your surroundings (Stealth+).
Your rubbery body absorbs attacks. (AC +1, EV +1)


Message History

You hit the frilled lizard.
You kill the frilled lizard!
You have reached level 5!
You feel clever. The leopard gecko misses you.
You hit the leopard gecko but do no damage.
The leopard gecko is severely wounded.
The leopard gecko bites you.
* * * LOW HITPOINT WARNING * * *
You barely miss the leopard gecko.
The leopard gecko is severely wounded.
The leopard gecko closely misses you. The leopard gecko barely misses you.
Your magical contamination has completely faded away.
Your transformation has ended.
The kobold throws a stone.
The stone hits you but does no damage.
Things that are here:
a stone; a ration The leopard gecko bites you.
You die...

#.#...........#
..)....# #....#
###....###)...####
+.....†.........
#....###....###
#....# #...@#####
###### #...K....#
#........#
##....l@.#
##......# #......#
#......# ########


You could see Terence, a leopard gecko and a kobold.

Vanquished Creatures
  3 adders (D:2)
  3 oozes (D:1)
  A worm (D:2)
  3 dart slugs
  An orc (D:3)
  A giant cockroach (D:1)
  2 gnoll zombies (D:2)
  8 goblins
  4 hobgoblins
  12 jackals
  2 quokkas (D:2)
  8 bats
  6 frilled lizards
  6 kobolds
  4 rats
64 creatures vanquished.

Notes
Turn   | Place    | Note
-------+----------+-------------------------------------------
     0 | D:1      | Hugehornet the Octopode Transmuter began the quest for the
                  | Orb.
     0 | D:1      | Reached XP level 1. HP: 13/13 MP: 3/3
   130 | D:1      | Reached XP level 2. HP: 14/18 MP: 3/5
   348 | D:1      | Reached XP level 3. HP: 18/23 MP: 6/6
   651 | D:1      | Learned a level 2 spell: Sticks to Snakes
   655 | D:1      | Learned a level 3 spell: Spider Form
   888 | D:2      | Reached skill level 1 in Poison Magic
   963 | D:2      | Reached XP level 4. HP: 18/28 MP: 7/7
  1553 | D:2      | Found a stormy altar of Qazlal.
  1554 | D:2      | Noticed an earth elemental
  1556 | D:2      | Noticed an air elemental
  1556 | D:2      | Noticed a fire elemental
  1556 | D:2      | Noticed a water elemental
  1675 | D:2      | Found a basalt altar of Yredelemnul.
  2288 | D:3      | Noticed Terence
  2309 | D:3      | Reached XP level 5. HP: 7/33 MP: 2/8
  2318 | D:3      | Slain by a leopard gecko

Levels and vault maps discovered:
D:1:      scummos_arrival_forest, layout_loops_ring
D:2:      layout_loops_ring, nicolae_qazlal_style_of_elements,
          lemuel_zombie_altar_yredelemnul
D:3:      layout_basic, first_ration, uniq_terence, uniq_grinder

Skill      XL: |  1  2  3  4 |
---------------+-------------+-----
Transmutations | 3 |  3.7
Poison Magic   | 1 2 |  2.9
Fighting       | |  1.0
Dodging        | |  2.0
Unarmed Combat | |  3.0
Spellcasting   | |  2.5

Action                   |  1- 3 |  4- 6 || total
-------------------------+-------+-------++-------
Melee: Unarmed           |    75 |    85 ||   160
       Constrict         |    18 |    19 ||    37
       Tentacles         |    11 |    16 ||    27
       Kick              |    10 |    12 ||    22
       Punch             |     1 |     3 ||     4
 Cast: Beastly Appendage |    21 |    14 ||    35
       Spider Form       |       |     1 ||     1
  Use: Scroll            |       |     3 ||     3
 Stab: Sleeping          |     9 |     3 ||    12
  Eat: Chunk             |       |     5 ||     5
Armor: Skin              |    13 |     8 ||    21
Dodge: Dodged            |    51 |    71 ||   122
